AoeStats
← Morris=w=

Black Forest

509727398Analyzed
4v4 RM · 5d ago on Sep 27, 2026· 21m 33s· 8 players
Game mode
Random Map
Map size
Large (8 player)
Population
200
Speed
Normal
Resources
Standard
Victory
Conquest
Starting age
Dark Age
Ending age
Imperial Age
RankedLock teamsTeams togetherTeam positionsShared explorationLock speedFull tech treeHidden civsTurbo modeCheats
Victory
Defeat
🇺🇸 Saracens · United States
1866
+8
🇫🇷 Spanish · France
1688
+15
🇮🇹 Portuguese · Italy
1679
+15
🇭🇰 Danes · Hong Kong SAR China
1540
+21
🇫🇮 Lithuanians · Finland
1726
-17
🇦🇷 Persians · Argentina
1663
-15
🇹🇷 Danes · Türkiye
1649
-14
🇲🇽 Britons · Mexico
1629
-13
Bubbagump
0:59 Loom
10:53 Feudal Age
13:29 Fletching
16:43 Double-Bit Axe
16:42 Horse Collar
22:33 Castle Age
Remo
1:27 Loom
14:37 Feudal Age
18:07 Castle Age
16:05 Horse Collar
16:14 Double-Bit Axe
Morris=w=
11:17 Feudal Age
12:08 Double-Bit Axe
15:10 Castle Age
15:16 Loom
17:28 Scale Mail Armor
OGN
10:39 Feudal Age
11:13 Feudal Age
15:05 Castle Age
13:11 Double-Bit Axe
16:57 Bow Saw
18:30 Fletching
21:33 Loom
SimmaHem7912
0:34 Loom
14:26 Feudal Age
18:48 Castle Age
19:33 Stone Mining
King-Arthur
0:44 Loom
15:16 Feudal Age
20:44 Castle Age
DeX_JeD1
0:41 Loom
10:27 Feudal Age
14:04 Castle Age
12:16 Double-Bit Axe
15:15 Bow Saw
16:28 Wheelbarrow
16:36 Horse Collar
_warDian_
1:41 Loom
9:28 Feudal Age
9:54 Double-Bit Axe
15:33 Scale Barding Armor
20:16 Castle Age
18:38 Fletching
19:26 Padded Archer Armor
19:38 Bloodlines
20:39 Bodkin Arrow
Connection lost

Rejoining the realm…

Still unreachable

The connection could not be restored.

Session expired

The server has moved on; the page needs a fresh start.